 Dungeon Crawl Stone Soup version 0.28-a0-2-g643f2454ad (webtiles) character file.

Game seed: 17404889292520233048

1150 Sin92 the Chopper (level 8, -9/62 HPs)
             Began as a Demonspawn Fighter on July 22, 2021.
             Was an Initiate of Gozag.
             Mangled by a gargoyle (16 damage)
             ... on level 6 of the Dungeon.
             The game lasted 00:06:15 (6548 turns).

Sin92 the Chopper (Demonspawn Fighter)              Turns: 6548, Time: 00:06:16

Health: -9/62      AC: 13    Str: 17    XL:     8   Next: 15%
Magic:  8/8        EV: 15    Int: 10    God:    Gozag
Gold:   601        SH: 20    Dex: 18    Spells: 7/7 levels left

rFire   x . .      SeeInvis .   f - +7 hand axe (vorpal)
rCold   . . .      Faith    .   c - +4 kite shield
rNeg    . . .      Spirit   .   r - +4 ring mail of Cateutre {rF- Will++ Dex+4}
rPois   .          Reflect  .   m - +1 helmet
rElec   .          Harm     .   o - +0 cloak
rCorr   .          Rampage  .   (no gloves)
Will    ++...                   (no boots)
Stlth   +.........              (no amulet)
HPRegen 0.20/turn               (no ring)
MPRegen 0.11/turn               (no ring)

@: agile
A: talons 2, large bone plates 2, powered by pain 1
a: Renounce Religion, Potion Petition, Call Merchant, Bribe Branch


You were on level 6 of the Dungeon.
You worshipped Gozag.
Gozag was pleased with you.
You visited 2 branches of the dungeon, and saw 7 of its levels.

You collected 636 gold pieces.
You paid 35 gold pieces to Gozag.

Inventory:

Hand Weapons
 a - a +0 war axe
 f - a +7 vorpal hand axe (weapon)
 j - a +0 broad axe
 s - a +0 mace
Missiles
 d - 2 throwing nets (quivered)
Armour
 b - a +0 scale mail
 c - a +4 kite shield (worn)
 m - a +1 helmet (worn)
 o - a +0 cloak (worn)
 r - the +4 ring mail of Cateutre (worn) {rF- Will++ Dex+4}
   (You found it on level 5 of the Dungeon)

   Dex:       It affects your dexterity (+4).
   rF:        It makes you vulnerable to fire.
   Will:      It greatly increases your willpower.
Jewellery
 i - a ring of fire
Wands
 g - a wand of flame (6)
 u - a wand of polymorph (14)
Scrolls
 w - a scroll of fog
Potions
 e - 3 potions of flight
 h - 2 potions of attraction
 k - a potion of lignification
 l - 2 potions of resistance
 n - a potion of degeneration {unknown}
 p - a potion of ambrosia
 v - a potion of heal wounds


   Skills:
 + Level 5.0 Fighting
 * Level 5.3 Axes
 + Level 4.4 Armour
 + Level 3.2 Dodging
 + Level 4.4 Shields


You had 7 spell levels left.
You didn't know any spells.
Your spell library contained the following spells:

 Spells                   Type           Power      Damage    Failure   Level
 Passwall                 Tmut/Erth      0%         N/A       98%         2
 Dazzling Flash           Conj/Hex       0%         N/A       100%        3
 Ozocubu's Armour         Ice            0%         N/A       100%        3
 Summon Guardian Golem    Hex/Summ       0%         N/A       100%        3
 Swiftness                Air            0%         N/A       100%        3
 Iskenderun's Mystic Bla  Conj/Tloc      0%         2d3       100%        4
 Alistair's Intoxication  Tmut/Pois      0%         N/A       100%        5
 Borgnjor's Vile Clutch   Necr/Erth      0%         N/A       100%        5
 Eringya's Noxious Bog    Tmut/Pois      0%         N/A       100%        6
 Invisibility             Hex            0%         N/A       100%        6
 Starburst                Conj/Fire      0%         8x6d3     100%        6
 Orb of Destruction       Conj           0%         N/A       100%        7
 Ozocubu's Refrigeration  Ice            0%         4d5       100%        7
 Spellforged Servitor     Conj/Summ      0%         N/A       100%        7


Dungeon Overview and Level Annotations

Branches:
Dungeon (6/15)             Temple (1/1) D:4

Altars:
Ashenzari
Cheibriados
Dithmenos
Elyvilon
Gozag
Hepliaklqana
Kikubaaqudgha
Makhleb
Nemelex Xobeh
Qazlal
Ru
Sif Muna
Trog
Uskayaw
Vehumet
Wu Jian
Xom
Yredelemnul
Zin
The Shining One

Shops:
D:2 [


Innate Abilities, Weirdness & Mutations

You have razor-sharp toenails.
You are mostly covered in large bone plates. (SH +6)
You sometimes gain a little power by taking damage.


Message History

Unknown command.
No target in view!
Unknown command.
No target in view!
A gargoyle is nearby!
The gargoyle hurls a stone arrow at you.
The stone arrow hits you!!
Unknown command.
Okay, then.
Unknown command.
As you read the scroll of enchant weapon, it crumbles to dust.
Your +4 vorpal hand axe glows red for a moment.
As you read the scroll of identify, it crumbles to dust.
h - 2 potions of attraction
As you read the scroll of enchant weapon, it crumbles to dust.
Your +5 vorpal hand axe glows red for a moment.
As you read the scroll of enchant weapon, it crumbles to dust.
Your +6 vorpal hand axe glows red for a moment.
You block the gargoyle's attack.
You hit the gargoyle but do no damage. You block the gargoyle's attack.
You hit the gargoyle but do no damage. Your kick misses the gargoyle.
You block the gargoyle's attack.
The gargoyle hurls a stone arrow at you.
The stone arrow hits you!
You hit the gargoyle but do no damage.
You claw the gargoyle, but do no damage.
You block the gargoyle's attack.
You slash the gargoyle! Your kick misses the gargoyle.
The gargoyle is moderately damaged.
The gargoyle hurls a stone arrow at you.
The stone arrow hits you!!
* * * LOW HITPOINT WARNING * * *
You focus on the pain.
You feel agile all of a sudden.
Okay, then.
You hit the gargoyle.
The gargoyle is heavily damaged.
You block the gargoyle's attack. The gargoyle hits you with a +0 mace!
You die...
Your body crumbles into a pile of gold.

.. #...............#.
#... #...............#.
#... #...######'###..#.
#....#...#........#..#.
#....#...#........#..#.
##..$.##'##........#....
........................
.............#######'###
.....<9@.....# #.#
.............# #####.###
############.# #...'.'..
#.# #.###.### #.# #.#
#.###+###.###
+..........
##.###+###.### #..# #.#


You could see a gargoyle.

Vanquished Creatures
  2 water moccasins
  2 ice beasts (D:6)
  A hornet zombie (D:6)
  An ogre (D:5)
  A gnoll sergeant (D:5)
  A howler monkey (D:4)
  A hound (D:6)
  A jelly (D:6)
  2 centaur skeletons
  Crazy Yiuf (D:5)
  A bullfrog skeleton (D:5)
  2 iguanas
  Ijyb (D:4)
  A hound skeleton (D:5)
  2 howler monkey zombies
  5 gnolls (D:5)
  5 adders
  A shadow imp (D:6)
  An ufetubus (D:6)
  An adder skeleton (D:4)
  3 worms
  A dart slug (D:2)
  10 orcs
  7 bats
  7 endoplasms
  4 giant cockroaches
  12 goblins
  5 hobgoblins
  5 quokkas
  2 ball pythons
  3 frilled lizards
  4 kobolds (D:1)
  2 rats
  A spectral kobold (D:1)
99 creatures vanquished.

Notes
Turn   | Place    | Note
-------+----------+-------------------------------------------
     0 | D:1      | Sin92 the Demonspawn Fighter began the quest for the Orb.
     0 | D:1      | Reached XP level 1. HP: 18/18 MP: 1/1
    36 | D:1      | Found a faded altar of an unknown god.
   337 | D:1      | Gained mutation: You have sharp toenails. [demonic
                  | ancestry]
   337 | D:1      | Reached XP level 2. HP: 24/24 MP: 2/2
  1076 | D:2      | Gained mutation: You have razor-sharp toenails. [demonic
                  | ancestry]
  1076 | D:2      | Reached XP level 3. HP: 20/29 MP: 3/3
  1659 | D:2      | Found a radiant altar of Vehumet.
  2100 | D:2      | Reached skill level 1 in Dodging
  2101 | D:2      | Found Qoff's Antique Armour Shoppe.
  2428 | D:3      | Gained mutation: You are partially covered in large bone
                  | plates. (SH +4) [demonic ancestry]
  2428 | D:3      | Reached XP level 4. HP: 35/35 MP: 4/4
  3071 | D:4      | Found a staircase to the Ecumenical Temple.
  3141 | Temple   | Entered the Ecumenical Temple
  3244 | Temple   | Became a worshipper of Gozag Ym Sagoz the Greedy
  3329 | D:4      | Noticed Ijyb
  3351 | D:4      | Killed Ijyb
  3550 | D:4      | Reached XP level 5. HP: 17/41 MP: 5/5
  4077 | D:4      | Found a shimmering altar of Xom.
  4169 | D:5      | Entered Level 5 of the Dungeon
  4171 | D:5      | Identified the +4 ring mail of Cateutre {rF- Will++ Dex+4}
  4478 | D:5      | Found a runed translucent door.
  4479 | D:5      | Noticed Crazy Yiuf
  4550 | D:5      | Noticed a water moccasin
  4557 | D:5      | Killed a water moccasin
  4558 | D:5      | Gained mutation: You sometimes gain a little power by
                  | taking damage. [demonic ancestry]
  4558 | D:5      | Reached XP level 6. HP: 30/48 MP: 6/6
  5175 | D:5      | Reached XP level 7. HP: 54/54 MP: 7/7
  5600 | D:5      | Killed Crazy Yiuf
  5854 | D:6      | Found a hide-covered altar of Uskayaw.
  5993 | D:6      | Reached skill level 5 in Axes
  6028 | D:6      | Noticed a gargoyle
  6277 | D:6      | Gained mutation: You are mostly covered in large bone
                  | plates. (SH +6) [demonic ancestry]
  6277 | D:6      | Reached XP level 8. HP: 49/61 MP: 8/8
  6480 | D:6      | Reached skill level 5 in Fighting
  6548 | D:6      | Mangled by a gargoyle

Illustrated notes

Levels and vault maps discovered:
D:1:      lightli_arrival_windingriver, layout_basic,
          dreamdust_ecumenical_altar_drowned_temple, minmay_misc_feat_tower
D:2:      layout_loops_ring, serial_shops, shop, basic_altar
D:3:      layout_loops_ring
D:4:      layout_basic, mainiacjoe_overflow_alcove_4, minmay_temple_entry_fiery,
          uniq_ijyb
D:5:      layout_loops_cross, uniq_crazy_yiuf_cottage
D:6:      layout_gridville, nicolae_uskayaw_murder_on_the_dancefloor,
          minmay_door_square
Temple:   regret_index_temple_mists

Skill      XL: |  1  2  3  4  5  6  7  8 |
---------------+-------------------------+-----
Axes           | 2 3 4 5 |  5.3
Armour         | 3 4 |  4.4
Shields        | 3 4 |  4.4
Dodging        | 1 2 3 |  3.2
Fighting       | 4 5 |  5.0

Action                   |  1- 3 |  4- 6 |  7- 9 || total
-------------------------+-------+-------+-------++-------
Melee: War axe           |    44 |       |       ||    44
       Hand axe          |    58 |   137 |    81 ||   276
       Kick              |    13 |    30 |    28 ||    71
  Use: Scroll            |     5 |     6 |    10 ||    21
       Potion            |       |     1 |     1 ||     2
Armor: Scale mail        |    41 |    18 |       ||    59
       Ring mail         |       |    12 |    23 ||    35
Dodge: Dodged            |    24 |    26 |    15 ||    65
Block: Kite shield       |    56 |   105 |    85 ||   246

Table legend: (Time is in decaauts)
 A = Elapsed time spent in this place.
 B = Non-inter-level travel time spent in this place.
 C = Inter-level travel time spent in this place.
 D = Time resting spent in this place.
 E = Time spent auto-exploring this place.
 F = Levels seen in this place.
 G = Mean time per level.
                   A        B        C        D        E       F      G
               +--------+--------+--------+--------+--------+-----+--------+
         Total |   6718 |   6556 |    162 |    503 |   5137 |   7 |  959.7 |
       Dungeon |   6557 |   6421 |    136 |    503 |   5009 |   6 | 1092.8 |
        Temple |    160 |    134 |     26 |      0 |    128 |   1 |  160.0 |
               +--------+--------+--------+--------+--------+-----+--------+

Top non-repeatable levels by time:
     D:5: 1368 daAuts
     D:4: 1302 daAuts
     D:2: 1187 daAuts
     D:1: 1094 daAuts
     D:6: 898 daAuts
     D:3: 706 daAuts
  Temple: 160 daAuts
